 Dungeon Crawl Stone Soup version 0.30.0-29-ga12c61a403 (webtiles) character file.

Game seed: 10337180408216517925

88 ces the Shooter (level 4, -1/22 HPs)
             Began as a Spriggan Hunter on June 26, 2023.
             Killed from afar by Terence (10 damage)
             ... with a puff of flame
             ... on level 2 of the Dungeon.
             The game lasted 00:01:44 (1045 turns).

ces the Shooter (Spriggan Hunter)                   Turns: 1045, Time: 00:01:45

Health: -1/22      AC:  2    Str:  7    XL:     4   Next: 30%
Magic:  5/5        EV: 18    Int: 10    God:
Gold:   32         SH:  0    Dex: 20    Spells: 3/3 levels left

rFire   . . .        a - +0 shortbow
rCold   . . .        (shield currently unavailable)
rNeg    . . .        c - +0 robe
rPois   .            (helmet restricted)
rElec   .            (no cloak)
rCorr   .            (gloves unavailable)
SInv    +            (boots unavailable)
Will    .....        (no amulet)
Stlth   ++           (no ring)
HPRegen 0.23/turn    (no ring)
MPRegen 0.09/turn

%: no passive effects
@: very quick
A: very small, no large weapons, unfitting armour, see invisible, speed 3
a: no special abilities


You were on level 2 of the Dungeon.
You visited 1 branch of the dungeon, and saw 2 of its levels.

You collected 32 gold pieces.

Inventory:

Hand Weapons
 a - a +0 shortbow (weapon)
Armour
 c - a +0 robe (worn)
Scrolls
 b - a scroll of immolation
 e - a scroll of identify {unknown}
 f - a scroll of brand weapon {unknown}
 g - a scroll of blinking {unknown}
 h - a scroll of butterflies {unknown}
Potions
 d - a potion of heal wounds {unknown}
 i - 2 potions of curing {unknown}


   Skills:
 - Level 1.5 Fighting
 + Level 5.7 Ranged Weapons
 + Level 3.1 Dodging
 + Level 1.5 Stealth


You had 3 spell levels left.
You didn't know any spells.
Your spell library was empty.

Dungeon Overview and Level Annotations

Branches:
Dungeon (2/15)

Altars:

Shops:
D:2 [

Annotations:
D:2 Terence


Innate Abilities, Weirdness & Mutations

You are very small and have problems with some larger weapons.
You are too small for most types of armour.
You have supernaturally acute eyesight. (SInv)
You cover ground extremely quickly. (Speed+++)


Message History

A frilled lizard comes into view.
The bat barely misses you. Terence closely misses you.
You shoot an arrow. The arrow barely misses the bat.
The frilled lizard hisses angrily.
The bat barely misses you. Terence hits you with a +0 short sword.
The bat closely misses you. The bat hits you but does no damage.
Terence looks scornfully at you.
You see here 4 stones.
You see here a +0 whip.
You are too injured to fight recklessly!
Fire: a) +0 shortbow
Press: ? - help, Q - select action Shift-Dir - straight line, f/p - bat
Aim: a bat (51% to hit)
You shoot an arrow. The arrow hits the bat!
You kill the bat!
Fire: a) +0 shortbow
Press: ? - help, Q - select action Shift-Dir - straight line, f - Terence
Aim: Terence, wielding a +0 short sword, wearing a +0 ring mail and carrying a wand of flame (24) (heavily wounded, 68% to hit)
You shoot an arrow.
The arrow hits Terence but does no damage.
Terence is heavily wounded.
There is a stone staircase leading up here.
You climb upwards.
There is a stone staircase leading down, spattered with blood here.
You start resting.
HP restored.
You start waiting.
Done waiting.
You climb downwards.
Level annotation: Terence
There is a stone staircase leading up here.
You shoot an arrow. The arrow hits Terence.
Terence is moderately wounded.
Terence zaps a wand.
The puff of flame hits you.
You shoot an arrow. The arrow barely misses Terence.
Terence zaps a wand.
The puff of flame hits you! Terence says, "Did you write a will?
You should..."
Terence zaps a wand.
The puff of flame hits you!
You die...

#@#.##.#.# #.#.##.#.#
#(#.##.#.# #.#.##.#.#
######)#......#
#......#..###.#######
#.#..)....# #........
#l@#.#..###5.######
#.@#.#.............
#..#.#.#..##.######
#.#÷....#.##.#
#.##.#....##.#
#.##.#..####.#
#.##.♣.## #.#
#.#♣.∩.♣ #.# #.##.♣##
#.#
#######.##.#######


You could see Terence and a frilled lizard.

Vanquished Creatures
  Natasha (D:1)
  3 gnolls (D:2)
  2 dart slugs (D:1)
  4 bats
  An endoplasm (D:1)
  A giant cockroach (D:1)
  4 hobgoblins
  2 jackals (D:1)
  A kobold (D:1)
  2 quokkas
  3 ball pythons
  2 frilled lizards (D:1)
  A goblin (D:1)
  7 rats
34 creatures vanquished.

Notes
Turn   | Place    | Note
-------+----------+-------------------------------------------
     0 | D:1      | ces the Spriggan Hunter began the quest for the Orb.
     0 | D:1      | Reached XP level 1. HP: 10/10 MP: 2/2
    66 | D:1      | Reached XP level 2. HP: 14/14 MP: 3/3
   402 | D:1      | Reached XP level 3. HP: 18/18 MP: 4/4
   502 | D:2      | Found Wiuvew's Armour Boutique.
   549 | D:2      | Reached skill level 5 in Ranged Weapons
   552 | D:2      | Noticed Natasha
   595 | D:1      | Killed Natasha
   596 | D:1      | Reached XP level 4. HP: 9/22 MP: 5/5
   867 | D:2      | Noticed Terence
  1045 | D:2      | Killed from afar by Terence

Illustrated notes

Levels and vault maps discovered:
D:1:      zaba_arrival_water, layout_basic
D:2:      layout_loops_ring, serial_shops, nicolae_shop_trees,
          basic_ecumenical_altar, uniq_terence, uniq_natasha

Skill      XL: |  1  2  3 |
---------------+----------+-----
Dodging        | 3 |  3.1
Ranged Weapons | 5 |  5.7
Fighting       | |  1.5
Stealth        | |  1.5

Action                     |  1- 3 |  4- 6 || total
---------------------------+-------+-------++-------
   Fire: Shortbow          |   104 |    12 ||   116
 Armour: Robe              |     5 |     2 ||     7
  Dodge: Dodged            |    53 |     8 ||    61
